 Dungeon Crawl Stone Soup version 0.31-a0-940-gdaa99269f9 (webtiles) character file.

Game seed: 16155847871565410644

15327 Morowski the Destroyer (level 12, -3/64 HPs)
             Began as a Tengu Conjurer on Oct 20, 2023.
             Was a Priest of Sif Muna.
             Slain by an orc knight
             ... wielding a +0 war axe
              (14 damage)
             ... on level 11 of the Dungeon on Oct 21, 2023.
             The game lasted 00:42:47 (16010 turns).

Morowski the Destroyer (Tengu Conjurer)            Turns: 16010, Time: 00:42:48

Health: -3/64      AC: 14    Str: 12    XL:     12   Next: 25%
Magic:  13/27      EV: 32    Int: 26    God:    Sif Muna [***...]
Gold:   620        SH:  0    Dex: 17    Spells: 14/32 levels left

rFire   . . .        f - +6 quarterstaff (chaos)
rCold   . . .        (shield currently unavailable)
rNeg    . . .        w - +2 ring mail of the Game of Life {rCorr Int+3}
rPois   .            i - +1 hat
rElec   .            e - +1 cloak
rCorr   +            v - +1 pair of gloves
SInv    +            (boots unavailable)
Will    .....        (no amulet)
Stlth   +++          l - +6 ring of strength
HPRegen 0.30/turn    r - ring of see invisible
MPRegen 0.20/turn

%: acrobat
@: acrobatic, flying
A: beak, talons 3, evasive flight, acrobatic, agile 1, inability to drink after
injury 1
a: Renounce Religion, Channel Magic, Forget Spell


You were on level 11 of the Dungeon.
You worshipped Sif Muna.
Sif Muna was most pleased with you.
You visited 4 branches of the dungeon, and saw 15 of its levels.

You collected 802 gold pieces.
You spent 182 gold pieces at shops.

Inventory:

Hand Weapons
 f - a +6 quarterstaff of chaos (weapon)
Missiles
 c - 7 curare-tipped darts
 p - a throwing net
Armour
 a - a +2 robe
 e - a +1 cloak (worn)
 g - the +3 hat of Pondering {ponderous, Will+ MP+10 Int+5}
   (You took it off Gastronok on level 9 of the Dungeon)

   Int+5:     It affects your intelligence (+5).
   Will+:     It increases your willpower.
   MP+10:     It affects your magic capacity (+10).
 i - a +1 hat (worn)
 v - a +1 pair of gloves (worn)
 w - the +2 ring mail of the Game of Life (worn) {rCorr Int+3}
   (You found it on level 7 of the Dungeon)

   Int+3:     It affects your intelligence (+3).
   rCorr:     It protects you from acid and corrosion.
Jewellery
 l - a +6 ring of strength (left hand)
 o - a ring of fire
 r - a ring of see invisible (right hand)
 t - a ring of poison resistance
 x - a ring of positive energy
 B - a ring of ice
Wands
 h - a wand of charming (6)
 y - a wand of mindburst (19)
 A - a wand of acid (35)
Scrolls
 k - 3 scrolls of fog
 m - 7 scrolls of identify
 n - 3 scrolls of noise
 s - a scroll of immolation
 E - a scroll of brand weapon {unknown}
Potions
 b - a potion of magic
 d - 2 potions of might
 q - 2 potions of ambrosia
 u - a potion of enlightenment {unknown}
 z - a potion of invisibility {unknown}
 C - a potion of mutation


   Skills:
 + Level 3.4 Fighting
 - Level 1.0 Short Blades
 + Level 6.2 Staves
 + Level 6.8 Armour
 + Level 6.6 Dodging
 + Level 5.5 Stealth
 + Level 0.1 Unarmed Combat
 * Level 10.7 Spellcasting
 * Level 14.4 Conjurations
 + Level 1.3 Translocations


You had 14 spell levels left.
You knew the following spells:

 Your Spells              Type           Power      Damage    Failure   Level
a - Magic Dart            Conj           100%       1d8       1%          1
b - Searing Ray           Conj           100%       2d8       1%          2
c - Fulminant Prism       Conj/Hex       25%        3d14      4%          4
d - Blink                 Tloc           42%        N/A       8%          2
e - Iskenderun's Mystic   Conj/Tloc      53%        2d11      3%          4
f - Arcjolt               Conj/Air       25%        1d35      12%         5

Your spell library contained the following spells:

 Spells                   Type           Power      Damage    Failure   Level
 Momentum Strike          Conj/Tloc      100%       3d10      1%          2
 Dazzling Flash           Conj/Hex       100%       N/A       1%          3
 Hailstorm                Conj/Ice       51%        3d11      1%          3
 Lesser Beckoning         Tloc           42%        N/A       8%          2
 Freeze                   Ice            52%        1d6       9%          1
 Ensorcelled Hibernation  Hex/Ice        26%        N/A       13%         2
 Jinxbite                 Hex            28%        N/A       13%         2
 Frozen Ramparts          Ice            26%        1d4       26%         3
 Vhi's Electric Charge    Tloc/Air       34%        N/A       54%         4
 Anguish                  Hex/Necr       6%         N/A       63%         4
 Maxwell's Capacitive Co  Air            6%         ∞         100%        8


Dungeon Overview and Level Annotations

Branches:
Dungeon (11/15)            Temple (1/1) D:5            Lair (1/5) D:8
    Orc (2/2) D:11
    Elf: Orc:2

Altars:
Ashenzari
Cheibriados
Dithmenos
Elyvilon
Fedhas
Gozag
Hepliaklqana
Kikubaaqudgha
Makhleb
Nemelex Xobeh
Okawaru
Qazlal
Ru
Sif Muna
Trog
Uskayaw
Vehumet
Wu Jian
Xom
Yredelemnul
Zin
The Shining One

Shops:
D:5 [   Orc:1 *

Portals:
Trove: D:10 (give 6 scrolls of fog)

Annotations:
D:9 3 runed translucent doors, Ekaitz's ghost, novice DEEE


Innate Abilities, Weirdness & Mutations

You have a beak for a mouth.
You have claws for feet.
Your magical flight helps you evade attacks. (EV +4)
You can magically evade attacks while moving or waiting.
You are agile. (Dex +4, Str/Int -1)
You occasionally lose the ability to drink potions when taking damage.


Message History

You barely miss the orc knight. Your kick misses the orc knight.
The orc knight is heavily wounded.
The orc knight completely misses you.
You barely miss the orc knight. Your kick misses the orc knight.
The orc knight is heavily wounded.
The orc knight hits you with a +0 war axe!!
* * * LOW HITPOINT WARNING * * *
Casting: Searing Ray (safe; 1% risk of failure)
Confirm with . or Enter, or press ? or * to list all spells.
Aiming: Searing Ray (safe; 1% risk of failure)
Press: ? - help, Shift-Dir - straight line, f/p - orc knight
Aim: an orc knight, wielding a +0 war axe and wearing a +0 plate armour (heavily wounded, 83% to hit)
Okay, then.
You feel better.
The orc knight hits you but does no damage.
The orc knight attacks as it pursues you!
The orc knight hits you with a +0 war axe.
* * * LOW HITPOINT WARNING * * *
Casting: Searing Ray (safe; 1% risk of failure)
Confirm with . or Enter, or press ? or * to list all spells.
Aiming: Searing Ray (safe; 1% risk of failure)
Press: ? - help, Shift-Dir - straight line, f/p - orc knight
Aim: an orc knight, wielding a +0 war axe and wearing a +0 plate armour (heavily wounded, 83% to hit)
The searing ray hits the orc knight!
The orc knight is heavily wounded. (Press . to maintain the ray.)
The orc knight closely misses you.
The searing ray hits the orc knight.
The orc knight is heavily wounded.
The orc knight completely misses you.
The searing ray hits the orc knight.
The orc knight is severely wounded.
The orc knight completely misses you.
The searing ray hits the orc knight.
The orc knight is severely wounded.
You finish channelling your searing ray.
The orc knight completely misses you. The orc knight completely misses you.
The orc knight hits you with a +0 war axe!
You die...

##..##...
##..~≈~~~.
###..≈~≈≈≈≈~
#...~~≈≈≈≈≈~
#.....≈~≈~~~
##.>...~≈...~
######.....~≈≈~...
#.o[[))...~~≈≈≈~..
#@####....~≈≈≈≈~.~
#.# ##.#..~≈≈≈≈~P
#.# #.....~~~≈≈~
#.# #.##....~≈~.
#.# #.###...####
#.# #.# ###.#
###.### #.# #.#
#.....# #.#####.#
##.###>###......)#


You could see an orc knight.

Vanquished Creatures
  Gastronok (D:9)
  Fannar (D:11)
  3 two-headed ogres
  Amaemon (D:9)
  A deep elf zephyrmancer (D:7)
  An ugly thing (D:9)
  Joseph (D:7)
  An orange demon (D:9)
  A kobold demonologist (D:10)
  2 trolls
  Prince Ribbit (D:7)
  A shadow (D:10)
  A wraith (D:11)
  13 yaks
  A wyvern (D:9)
  Grum (D:8)
  2 steam dragons
  A warg (D:11)
  5 vampire mosquitoes (D:11)
  2 acid dragons
  4 water moccasins
  Duvessa (D:7)
  3 swamp drakes (D:11)
  5 orc warriors
  3 ice beasts
  4 black bears
  11 wolves
  3 sky beasts
  6 ogres
  2 centaurs
  A phantom (D:7)
  A kobold brigand (D:9)
  3 bullfrogs
  2 scorpions
  Dowan (D:7)
  10 killer bees
  3 hounds
  4 orc priests
  Crazy Yiuf (D:3)
  A jelly (D:5)
  2 iguanas
  11 orc wizards
  9 gnolls
  6 adders
  A white imp (D:7)
  2 worms (D:2)
  3 dart slugs
  18 orcs
  4 endoplasms
  3 giant cockroaches
  12 goblins
  5 hobgoblins
  10 kobolds
  A quokka (D:2)
  6 ball pythons
  6 bats
  3 frilled lizards
  3 rats
215 creatures vanquished.

Vanquished Creatures (others)
  7 fulminant prisms
7 creatures vanquished.

Grand Total: 222 creatures vanquished

Notes
Turn   | Place    | Note
-------+----------+-------------------------------------------
     0 | D:1      | Morowski the Tengu Conjurer began the quest for the Orb.
     0 | D:1      | Reached XP level 1. HP: 10/10 MP: 4/4
   519 | D:1      | Reached XP level 2. HP: 15/15 MP: 3/6
   522 | D:1      | Learned a level 2 spell: Searing Ray
  1104 | D:2      | Reached skill level 6 in Conjurations
  1465 | D:2      | Reached XP level 3. HP: 19/19 MP: 2/7
  1558 | D:2      | Reached XP level 4. HP: 24/24 MP: 6/8
  1706 | D:2      | Reached skill level 7 in Conjurations
  2292 | D:3      | Learned a level 4 spell: Fulminant Prism
  2609 | D:3      | Found a runed translucent door.
  2610 | D:3      | Noticed Crazy Yiuf
  2904 | D:3      | Killed Crazy Yiuf
  2905 | D:3      | Reached XP level 5. HP: 19/28 MP: 4/9
  4304 | D:3      | Gained mutation: You occasionally lose the ability to drink
                  | potions when taking damage. [potion of mutation]
  4304 | D:3      | Gained mutation: You are agile. (Dex +4, Str/Int -1)
                  | [potion of mutation]
  4845 | D:3      | Found a faded altar of an unknown god.
  4976 | D:4      | Reached skill level 1 in Short Blades
  5152 | D:4      | Noticed an ogre
  5179 | D:4      | Killed an ogre
  5180 | D:4      | Reached XP level 6. HP: 14/33 MP: 6/11
  5402 | D:4      | Reached skill level 1 in Staves
  5413 | D:4      | Found a blossoming altar of Fedhas.
  5637 | D:4      | Reached skill level 8 in Conjurations
  5752 | D:4      | Gained mutation: Your magical flight helps you evade
                  | attacks. (EV +4) [Tengu growth]
  5752 | D:4      | Reached XP level 7. HP: 37/37 MP: 8/13
  5994 | D:5      | Entered Level 5 of the Dungeon
  6142 | D:5      | Reached skill level 1 in Fighting
  6373 | D:5      | Learned a level 2 spell: Blink
  6409 | D:5      | Found Hurit's Antique Armour Shop.
  6413 | D:5      | Bought a runed hat for 182 gold pieces
  6604 | D:5      | Reached skill level 9 in Conjurations
  6604 | D:5      | Reached XP level 8. HP: 43/43 MP: 4/15
  6905 | D:5      | Found a staircase to the Ecumenical Temple.
  6952 | Temple   | Entered the Ecumenical Temple
  6978 | Temple   | Became a worshipper of Sif Muna the Loreminder
  7236 | D:6      | Reached skill level 5 in Spellcasting
  7685 | D:6      | Reached skill level 10 in Conjurations
  7946 | D:6      | Reached XP level 9. HP: 48/48 MP: 12/19
  8542 | D:7      | HP: 1/48 [steam dragon (8)]
  8545 | D:7      | Reached skill level 5 in Stealth
  8637 | D:7      | Noticed Duvessa
  8747 | D:7      | Killed Duvessa
  8748 | D:7      | Reached skill level 11 in Conjurations
  8790 | D:7      | Noticed Dowan
  8801 | D:7      | Killed Dowan
  9335 | D:7      | Found an ornate altar of the Wu Jian Council.
  9364 | D:7      | Noticed a deep elf zephyrmancer
  9372 | D:7      | Killed a deep elf zephyrmancer
  9529 | D:7      | Identified the +2 ring mail of the Game of Life {rCorr
                  | Int+3}
  9780 | D:7      | Identified the +7 long sword "Heefic" {antimagic, *Noise
                  | rElec rPois}
  9919 | D:7      | Noticed Prince Ribbit
  9926 | D:7      | Killed Prince Ribbit
  9927 | D:7      | Reached skill level 12 in Conjurations
  9927 | D:7      | Reached XP level 10. HP: 54/54 MP: 13/22
 10013 | D:7      | Noticed Joseph
 10022 | D:7      | Killed Joseph
 10237 | D:7      | Found a radiant altar of Vehumet.
 10262 | D:7      | Found a glowing silver altar of Zin.
 10302 | D:7      | Found an opulent altar of Gozag.
 10504 | D:8      | Noticed Grum
 10532 | D:7      | Reached * piety under Sif Muna
 10656 | D:8      | Killed Grum
 10726 | D:8      | Reached skill level 1 in Armour
 10732 | D:8      | Noticed a two-headed ogre
 10756 | D:7      | Killed a two-headed ogre
 10757 | D:7      | Reached skill level 5 in Dodging
 11217 | D:8      | Found a staircase to the Lair.
 11230 | D:13     | Identified the "Tele Eroos"
 11230 | Lair:1   | Entered Level 1 of the Lair of Beasts
 11247 | D:8      | Learned a level 4 spell: Iskenderun's Mystic Blast
 11256 | D:8      | Reached skill level 13 in Conjurations
 11473 | Lair:1   | Noticed a black mamba
 11490 | D:8      | Reached skill level 5 in Staves
 11574 | D:9      | Noticed Amaemon
 11574 | D:9      | Noticed an orange demon
 11581 | D:9      | Killed an orange demon
 11592 | D:9      | Killed Amaemon
 11593 | D:9      | Reached skill level 1 in Translocations
 11593 | D:9      | Reached XP level 11. HP: 53/60 MP: 7/24
 11724 | D:9      | Noticed a red ugly thing
 11806 | D:9      | Killed a red ugly thing
 12079 | D:9      | Reached ** piety under Sif Muna
 12129 | D:9      | Noticed a two-headed ogre
 12137 | D:9      | Killed a two-headed ogre
 12598 | D:9      | Found a runed translucent gate.
 12598 | D:9      | Found a runed translucent gate.
 12599 | D:9      | Found a runed translucent gate.
 12601 | D:9      | Noticed Ekaitz's ghost (novice DEEE)
 12647 | D:9      | Reached skill level 5 in Armour
 12810 | D:9      | Noticed Gastronok
 12854 | D:9      | Killed Gastronok
 13092 | D:9      | Found an iron altar of Okawaru.
 13098 | D:9      | Found a hazy altar of Hepliaklqana.
 13371 | D:10     | Entered Level 10 of the Dungeon
 13492 | D:10     | Noticed a two-headed ogre
 13500 | D:10     | Killed a two-headed ogre
 13501 | D:10     | Reached skill level 14 in Conjurations
 13651 | D:10     | Learned a level 5 spell: Arcjolt
 13687 | D:10     | Reached skill level 10 in Spellcasting
 13956 | D:10     | Found a portal to a secret trove of treasure.
 14250 | D:10     | Noticed a sun demon
 14670 | D:11     | Reached XP level 12. HP: 64/64 MP: 14/27
 14749 | D:11     | Found a staircase to the Orcish Mines.
 14959 | Orc:1    | Entered Level 1 of the Orcish Mines
 14959 | Orc:1    | Noticed Fannar
 15028 | D:11     | Killed Fannar
 15371 | Orc:1    | Found Medgh's General Store.
 15500 | Orc:2    | Entered Level 2 of the Orcish Mines
 15617 | D:11     | Reached *** piety under Sif Muna
 16001 | D:11     | HP: 3/64 [orc knight/+0 war axe (21)]
 16010 | D:11     | Slain by an orc knight

Illustrated notes

Levels and vault maps discovered:
D:1:      minmay_arrival_open_corners, layout_loops_cross,
          minmay_gold_behind_fungi
D:2:      layout_loops_corners, chequers_serial_rivers_micro_a,
          kennysheep_generic_room_3
D:3:      layout_loops_corners, dreamdust_ecumenical_altar_hidden_monk_grotto,
          roderic_lattice_a, uniq_crazy_yiuf_cottage
D:4:      layout_loops_ring, fedhas_altar_1
D:5:      layout_cave_pools, minmay_temple_entry_trees, serial_shops, shop
D:6:      layout_basic
D:7:      layout_gridville, mainiacjoe_overflow_two_lobes,
          nicolae_gozag_seed_capital, mainiacjoe_overflow_alcove_2,
          chequers_arboretum, guppyfry_early_elven_hall, uniq_prince_ribbit1,
          uniq_duvessa, uniq_joseph
D:8:      cheibrodos_ideogram_h, layout_gridville, lair_entry_dummy, uniq_grum
D:9:      layout_loops_ring, minitemple, gammafunk_ghost_necromancy,
          uniq_gastronok, uniq_amaemon
D:10:     layout_loops_ring, nicolae_trove_entry_diagonal,
          kennysheep_minor_cross, minivault_24
D:11:     layout_loops_ring, orc_0_dummy, portal_ice_cave_entry_pillars_1, pond
Temple:   hellmonk_temple_of_storms
Lair:1:   layout_chaotic_city, serial_bayou_shore_b
Orc:1:    layout_caves, serial_shops, shop, shop, nicolae_shop_behind_doors,
          shop, nicolae_shop_getting_attention, uniq_fannar
Orc:2:    st_orc_open, layout_caves, maelrawn_ghost_gauntlet_escape,
          basic_altar, mines2_david, uniq_jorgrun, uniq_maurice, uniq_erolcha

Skill      XL: |  1  2  3  4  5  6  7  8  9 10 11 12 |
---------------+-------------------------------------+-----
Conjurations   | 6 7 8 9 10 12 13 14 | 14.4
Short Blades   | 1 |  1.0
Stealth        | 3 4 5 |  5.5
Spellcasting   | 3 4 6 7 8 10 | 10.7
Staves         | 1 2 3 4 5 6 |  6.2
Fighting       | 1 2 3 |  3.4
Dodging        | 3 4 5 6 |  6.6
Armour         | 3 6 |  6.8
Translocations | 1 |  1.3
Unarmed Combat | |  0.1

Action                     |  1- 3 |  4- 6 |  7- 9 | 10-12 || total
---------------------------+-------+-------+-------+-------++-------
  Melee: Unarmed           |    11 |       |       |       ||    11
         Kick              |     6 |    11 |     5 |    14 ||    36
         Peck              |     3 |     3 |     3 |    13 ||    22
         Short sword       |     4 |    18 |       |       ||    22
         Quarterstaff      |       |    25 |    19 |    61 ||   105
   Cast: Magic Dart        |    35 |    33 |    44 |    23 ||   135
         Searing Ray       |     4 |    14 |    42 |   107 ||   167
         Fulminant Prism   |       |       |     1 |     7 ||     8
         Blink             |       |       |     1 |     1 ||     2
         Iskenderun's Myst |       |       |       |     5 ||     5
    Use: Potion            |     4 |     5 |     1 |     5 ||    15
         Scroll            |     3 |     5 |     7 |     1 ||    16
   Stab: Sleeping          |       |     5 |       |       ||     5
 Armour: Robe              |     1 |    31 |    32 |       ||    64
         Ring mail         |       |       |       |   148 ||   148
  Dodge: Dodged            |     5 |    35 |    69 |   403 ||   512

Table legend: (Time is in decaauts)
 A = Elapsed time spent in this place.
 B = Non-inter-level travel time spent in this place.
 C = Inter-level travel time spent in this place.
 D = Time resting spent in this place.
 E = Time spent auto-exploring this place.
 F = Levels seen in this place.
 G = Mean time per level.
                   A        B        C        D        E       F      G
               +--------+--------+--------+--------+--------+-----+--------+
         Total |  16084 |  16084 |      0 |   6223 |   7316 |  15 | 1072.3 |
       Dungeon |  15321 |  15321 |      0 |   5734 |   7199 |  11 | 1392.8 |
        Temple |     31 |     31 |      0 |      0 |      0 |   1 |   31.0 |
          Lair |     16 |     16 |      0 |      0 |      1 |   1 |   16.0 |
  Orcish Mines |    714 |    714 |      0 |    489 |    116 |   2 |  357.0 |
               +--------+--------+--------+--------+--------+-----+--------+

Top non-repeatable levels by time:
     D:3: 2791 daAuts
     D:7: 2667 daAuts
     D:9: 1789 daAuts
     D:2: 1309 daAuts
    D:10: 1250 daAuts
     D:5: 1139 daAuts
     D:6: 1038 daAuts
     D:4: 1030 daAuts
     D:1: 877 daAuts
     D:8: 747 daAuts
   Orc:1: 698 daAuts
    D:11: 679 daAuts
  Temple: 31 daAuts
  Lair:1: 16 daAuts
   Orc:2: 16 daAuts
